AoeStats
← Sparten gio

Nomad

503283761Analyzed
2v2 RM · 1mo ago on Aug 31, 2026· 64m 7s· 4 players
Game mode
Random Map
Map size
176×176
Population
200
Speed
Normal
Resources
Standard
Victory
Conquest
Starting age
Dark Age
Ending age
Imperial Age
RankedLock teamsTeams togetherTeam positionsShared explorationLock speedFull tech treeHidden civsTurbo modeCheats
Victory
Defeat
🇺🇸 Tatars · United States
874
+15
🇨🇴 Burgundians · Colombia
850
+16
🇨🇦 Dravidians · Canada
905
-18
🇺🇸 Poles · United States
794
-13
BuddyDudeMan
7:15 Loom
13:43 Feudal Age
14:37 Double-Bit Axe
17:19 Gold Mining
19:56 Castle Age
20:59 Bow Saw
21:41 Forging
21:36 Scale Barding Armor
23:03 Scale Barding Armor
24:45 Horse Collar
31:46 Fishing Lines
35:21 Imperial Age
33:16 Ballistics
33:36 Gillnets
34:36 Squires
33:57 Pikeman
34:35 Stone Mining
38:06 Wheelbarrow
38:02 Siege Elephant
41:22 Chemistry
43:40 Fletching
43:45 Heavy Scorpion
52:33 Hand Cart
Swivel_Hips
7:21 Loom
15:54 Feudal Age
17:01 Double-Bit Axe
17:10 Stone Mining
18:05 Town Watch
21:00 Horse Collar
23:49 Castle Age
21:59 Fletching
24:49 Wheelbarrow
25:22 Gold Mining
27:20 Scale Barding Armor
28:43 Bow Saw
29:02 Medium Warships
34:27 Pikeman
38:24 Szlachta Privileges
39:53 Ballistics
39:36 Murder Holes
39:24 Treadmill Crane
41:25 Bodkin Arrow
47:04 Imperial Age
47:53 Bracer
50:19 Padded Archer Armor
50:55 Scale Mail Armor
51:34 Chain Barding Armor
52:14 Conscription
52:30 Heavy Plow
52:27 Light Cavalry
53:41 Lechitic Legacy
56:45 Chemistry
56:34 Winged Hussar
57:59 Forging
60:45 Iron Casting
64:41 Crop Rotation
Sparten gio
13:32 Feudal Age
14:52 Double-Bit Axe
17:50 Loom
20:31 Castle Age
19:00 Fletching
21:45 Bow Saw
21:42 Crossbowman
22:26 Bodkin Arrow
23:46 Fishing Lines
23:55 Horse Collar
29:17 Forging
30:48 Scale Barding Armor
31:19 Iron Casting
31:10 Gold Mining
32:57 Silk Armor
35:17 Bloodlines
36:50 Chain Barding Armor
36:25 Town Watch
39:32 Herbal Medicine
40:44 Padded Archer Armor
43:23 Leather Archer Armor
49:20 Imperial Age
54:48 Plate Barding Armor
55:44 Conscription
57:35 Blast Furnace
58:29 Timurid Siegecraft
58:11 Heavy Cavalry Archer
61:52 Gold Shaft Mining
63:06 Bracer
63:38 Ring Archer Armor
DAIVASO
12:10 Loom
15:00 Feudal Age
14:07 Double-Bit Axe
14:59 Fishing Lines
15:51 Gillnets
17:15 Bow Saw
16:47 Horse Collar
20:29 Heavy Plow
25:36 Scale Barding Armor
25:42 Forging
27:35 Castle Age
26:55 Fletching
32:24 Castle Age
33:11 Husbandry
32:32 Cavalier
35:06 Two-Man Saw
49:04 Imperial Age
51:17 Wheelbarrow
51:49 Town Watch
53:35 Hand Cart
53:21 Town Patrol
54:33 Elite Coustillier
61:54 Crop Rotation
60:57 Paladin
61:40 Gold Mining
61:41 Stone Mining
61:52 Stone Mining
63:35 Onager
Connection lost

Rejoining the realm…

Still unreachable

The connection could not be restored.

Session expired

The server has moved on; the page needs a fresh start.